Map: Ley Lines

Players

Exrampage

  • Race: Zerg Zerg
  • League: Diamond
  • Spawn Location: 1:00

IIIIIIIIIII - Winner!

  • Race: Protoss Protoss
  • League: Diamond
  • Spawn Location: 7:00

VOD

Have the link to the VOD?

Description

Time

  • Played on: Nov. 28, 2024, 6:02 p.m.
  • Length: 7:23
Show
View Real Time Build Order
Export as new Build Order

Exrampage Zerg 

Build Orders: Hatch First 

Get SALT Encoding   

  12  0:00  Drone  
  13  0:12  Overlord  
  13  0:16  Drone  
  14  0:30  Drone x2  
  16  0:50  Drone  
  16  0:51  Hatchery  
  16  0:53  Drone  
  17  0:59  Drone  
  18  1:08  Extractor  
  17  1:14  Drone, Spawning Pool  
  17  1:20  Drone  
  18  1:28  Drone  
  19  1:39  Drone  
  20  1:50  Overlord  
  20  2:02  Queen  
  20  2:03  Zergling x2  
  20  2:04  Zergling x2, Queen  
  26  2:10  Metabolic Boost  
  26  2:33  Drone x2  
  28  2:37  Hatchery  
  28  2:43  Queen  
  29  2:44  Overlord  
  29  2:48  Drone  
  31  2:51  Drone  
  31  2:55  Drone  
  31  2:56  Drone  
  33  3:09  Drone x2  
  33  3:11  Queen  
  37  3:13  Drone  
  37  3:15  Drone  
  37  3:18  Drone  
  41  3:20  Drone  
  41  3:24  Drone x2  
  43  3:28  Drone  
  43  3:29  Overlord  
  44  3:45  Roach Warren  
  44  3:46  Drone  
  44  3:47  Extractor  
  44  3:48  Drone  
  44  3:49  Overlord  
  44  3:51  Drone x3  
  44  3:54  Drone x2  
  49  3:58  Overlord  
  49  4:14  Extractor  
  49  4:15  Drone x2  
  49  4:16  Drone x3, Extractor  
  52  4:19  Drone  
  52  4:20  Drone x2  
  52  4:21  Overlord  
  52  4:23  Lair  
  55  4:26  Roach  
  57  4:37  Roach x3  
  57  4:38  Roach  
  65  4:41  Overlord  
  65  4:48  Roach x3  
  70  5:04  Roach x5  
  70  5:06  Zergling x2  
  81  5:08  Overlord x2  
  81  5:21  Glial Reconstitution  
  81  5:23  Drone  
  81  5:25  Hydralisk Den  
  81  5:28  Zergling x2, Roach  
  83  5:29  Zergling x8  
  83  5:30  Overlord x2  
  88  5:58  Muscular Augments  
  88  5:59  Hydralisk  
  88  6:00  Hydralisk x7  
  88  6:02  Overlord  
  104  6:17  Overlord x4  
  103  6:31  Roach  
  103  6:32  Roach x6  
  102  6:45  Hydralisk  
  102  6:46  Hydralisk x3  
  70  6:58  Hydralisk  
  70  6:59  Hydralisk x3  
Show
View Real Time Build Order
Export as new Build Order

IIIIIIIIIII Protoss - Winner!

Build Orders: 1 Gate Expand 

Get SALT Encoding   

  12  0:01  Probe  
  13  0:13  Probe  
  14  0:20  Pylon  
  14  0:26  Probe  
  15  0:39  Probe  
  15  0:41  Gateway  
  16  0:47  Probe  
  16  0:54  Assimilator  
  16  0:55  Probe  
  18  1:05  Probe  
  19  1:26  Nexus  
  19  1:36  Cybernetics Core  
  19  1:38  Probe  
  20  1:50  Probe  
  20  1:53  Assimilator  
  21  1:58  Pylon  
  21  2:00  Probe  
  21  2:08  Warp Gate, Probe  
  22  2:12  Adept  
  23  2:18  Probe  
  26  2:31  Probe  
  27  2:40  Probe, Gateway  
  28  2:47  Probe, Shield Battery  
  29  2:51  Robotics Facility  
  29  2:52  Probe  
  29  2:55  Stalker  
  32  3:00  Probe  
  32  3:05  Probe  
  34  3:13  Probe  
  34  3:14  Forge, Probe  
  36  3:23  Probe  
  36  3:26  Probe  
  40  3:34  Probe  
  40  3:40  Probe  
  40  3:41  Protoss Ground Weapons Level 1  
  46  3:44  Warp Prism  
  46  3:45  Stalker  
  44  3:54  Gateway  
  44  4:03  Probe  
  44  4:09  Pylon  
  45  4:11  Pylon  
  45  4:17  Immortal  
  45  4:23  Pylon  
  45  4:26  Gateway  
  45  4:27  Gateway  
  45  4:29  Stalker  
  51  4:32  Stalker  
  53  4:39  Probe x2  
  55  4:48  Gateway  
  55  4:50  Immortal, Gateway  
  55  4:59  Probe  
  56  5:01  Sentry x2  
  56  5:02  Sentry  
  66  5:21  Pylon  
  66  5:22  Pylon  
  66  5:25  Pylon  
  66  5:39  Stalker  
  66  5:40  Stalker x2  
  66  5:41  Stalker  
  74  5:42  Zealot  
  76  5:54  Gateway  
  76  5:56  Observer, Gateway  
  77  6:11  Zealot x6  
  81  6:12  Zealot  
  91  6:36  Stalker  
  91  6:46  Zealot x6  
  79  7:07  Zealot  
  79  7:08  Zealot x7  
Tags
 
Add a new tag
Caveats
  • Supply blocks, unpowered buildings, or Contaminate may cause inaccurate times.
  • Supply counts are checked every 10 seconds.